Map: Overgrowth LE (Void)

Players

Musumeci

  • Race: Zerg Zerg
  • League: Diamond
  • Spawn Location: 1:00

magma - Winner!

  • Race: Zerg Zerg
  • League: Diamond
  • Spawn Location: 7:00

VOD

Have the link to the VOD?

Description

Time

  • Played on: Jan. 7, 2017, 8:01 a.m.
  • Length: 5:11
Show
View Real Time Build Order
Export as new Build Order

Musumeci Zerg 

Build Orders: Hatch First 

Get SALT Encoding   

  12  0:00  Drone  
  13  0:08  Drone  
  14  0:17  Overlord  
  14  0:22  Drone, Extractor  
  15  0:36  Drone x2  
  17  0:55  Hatchery  
  16  0:58  Extractor  
  16  1:00  Drone  
  16  1:07  Evolution Chamber  
  15  1:21  Spawning Pool  
  15  1:24  Drone  
  15  1:29  Drone  
  16  1:35  Drone  
  16  1:38  Drone  
  18  1:47  Drone  
  19  1:57  Drone  
  20  2:06  Overlord  
  20  2:08  Metabolic Boost  
  20  2:12  Queen  
  22  2:15  Zergling x2  
  22  2:18  Drone  
  22  2:22  Drone  
  25  2:29  Zergling x2  
  26  2:36  Baneling Nest  
  25  2:40  Queen  
  27  2:58  Zergling x4  
  29  2:59  Drone x3  
  31  3:13  Drone x3  
  34  3:22  Baneling x2  
  34  3:23  Drone  
  34  3:24  Overlord  
  33  3:52  Queen  
  33  3:53  Drone x9  
  44  3:58  Evolution Chamber  
  44  3:59  Evolution Chamber, Roach Warren  
  41  4:09  Lair  
  41  4:11  Extractor x2  
  41  4:13  Extractor  
  38  4:19  Drone x4  
  38  4:20  Baneling  
  38  4:21  Baneling x2  
  42  4:30  Spine Crawler  
  41  4:32  Spine Crawler  
  41  4:36  Zergling x8  
  44  4:46  Overlord x3  
Show
View Real Time Build Order
Export as new Build Order

magma Zerg - Winner!

Build Orders: Hatch First 

Get SALT Encoding   

  12  0:01  Drone  
  13  0:09  Drone  
  14  0:17  Overlord  
  14  0:32  Drone, Extractor  
  14  0:33  Drone, Extractor  
  16  0:50  Hatchery  
  16  0:53  Drone  
  16  0:56  Extractor  
  15  0:58  Drone  
  16  1:15  Spawning Pool  
  15  1:19  Drone  
  15  1:24  Extractor  
  15  1:26  Drone x2  
  17  1:34  Drone  
  18  1:41  Drone  
  19  2:00  Overlord  
  19  2:03  Metabolic Boost  
  19  2:05  Queen  
  21  2:13  Queen  
  23  2:21  Zergling x4  
  25  2:24  Drone  
  25  2:28  Drone  
  27  2:30  Drone  
  27  2:35  Drone  
  30  2:37  Drone  
  30  2:54  Overlord, Roach Warren  
  30  2:57  Overlord  
  29  3:00  Drone  
  29  3:43  Roach x7  
  29  3:44  Roach x4  
  49  3:53  Roach  
  51  3:59  Overlord x2  
  51  4:20  Zergling x2  
  51  4:21  Zergling x10  
  57  4:27  Zergling x6  
  60  4:33  Zergling x2  
  60  4:36  Zergling x4  
  60  4:37  Zergling x4  
  65  4:47  Zergling x4  
  67  4:53  Evolution Chamber  
  67  4:55  Evolution Chamber  
  67  4:56  Evolution Chamber  
  67  4:58  Evolution Chamber  
Tags
 
Add a new tag
Caveats
  • Supply blocks, unpowered buildings, or Contaminate may cause inaccurate times.
  • Supply counts are checked every 10 seconds.